 Dungeon Crawl Stone Soup version 0.30.1-3-gfc49f6343a (webtiles) character file.

Game seed: 412113032889301684

331 fen0s the Insei (level 6, -2/42 HPs)
             Began as a Djinni Transmuter on July 22, 2023.
             Slain by a gnoll
             ... wielding a +0 flail
              (10 damage)
             ... on level 3 of the Dungeon.
             The game lasted 00:08:14 (2319 turns).

fen0s the Insei (Djinni Transmuter)                 Turns: 2319, Time: 00:08:15

Health: -2/42      AC:  3    Str:  5    XL:     6   Next: 82%
Gold:   111        EV: 13    Int: 22    God:
                   SH:  0    Dex: 13

rFire   + +          .
                       - Unarmed
rCold   x . .        (no shield)
rNeg    . . .        i - +1 robe of Xomich {rElec Str-4 Int+5 Stlth+}
rPois   ∞            (no helmet)
rElec   +            (no cloak)
rCorr   .            (no gloves)
SInv    .            (boots unavailable)
Will    .....        (no amulet)
Stlth   +++          (no ring)
HPRegen 0.27/turn    (no ring)
MPRegen 0.00/turn

%: infuse magic (-3 HP)
@: flying
A: sickness immunity, fire resistance 2, cold vulnerability 1, float, innate
caster, HP casting, extra vitality 1
a: no special abilities


You were on level 3 of the Dungeon.
You visited 1 branch of the dungeon, and saw 3 of its levels.

You collected 111 gold pieces.

Inventory:

Hand Weapons
 q - a +4 quarterstaff of chaos
Armour
 a - a +0 robe
 i - the +1 robe of Xomich (worn) {rElec Str-4 Int+5 Stlth+}
   (You found it on level 2 of the Dungeon)

   Str:       It affects your strength (-4).
   Int:       It affects your intelligence (+5).
   rElec:     It insulates you from electricity.
   Stlth:     It makes you more stealthy.
Magical Staves
 f - a staff of poison
Wands
 m - a wand of acid (12)
Scrolls
 e - 2 scrolls of poison
 g - a scroll of magic mapping {unknown}
 h - a scroll of enchant armour {unknown}
 n - a scroll of blinking {unknown}
 o - a scroll of fog {unknown}
 r - a scroll of teleportation {unknown}
 s - a scroll of vulnerability {unknown}
Potions
 b - a potion of lignification
 d - a potion of invisibility {unknown}
 j - a potion of mutation {unknown}
 k - a potion of resistance {unknown}
 l - a potion of flight {unknown}
 p - a potion of degeneration {unknown}


   Skills:
 + Level 1.6 Fighting
 + Level 3.7 Dodging
 + Level 1.7 Stealth
 + Level 5.6 Unarmed Combat
 + Level 2.0 Spellcasting


You knew the following spells:

 Your Spells              Type           Power      Damage    Failure   Level
a - Beastly Appendage     Tmut           22%        N/A       6%          1
b - Wereblood             Tmut           11%        N/A       9%          2
c - Spider Form           Tmut/Pois      11%        N/A       17%         3
d - Ice Form              Ice/Tmut       11%        N/A       50%         4
e - Slow                  Hex            44%        N/A       6%          1
f - Searing Ray           Conj           22%        2d5       9%          2
Your spell library was empty.

Dungeon Overview and Level Annotations

Branches:
Dungeon (3/15)

Altars:

Shops:
D:2 =


Innate Abilities, Weirdness & Mutations

You are immune to sickness and miasma.
You are immune to poison.
Your flesh is very heat resistant. (rF++)
You are vulnerable to cold. (rC-)
You float through the air rather than walking.
You learn spells naturally, not from books.
Your magical power is your life essence.
You have superior vitality. (+4 MHP)


Message History

You hit the gnoll.
The gnoll is moderately wounded.
The gnoll hits you from afar with a +0 spear!
The gnoll hits you with a +0 flail!
You are too injured to fight recklessly!
You are too injured to fight recklessly!
You are too injured to fight recklessly!
You are too injured to fight recklessly!
The gnoll barely misses you. The gnoll barely misses you.
The gnoll hits you from afar with a +0 spear.
* * * LOW HITPOINT WARNING * * *
Casting: Spider Form (quite dangerous; 17% risk of failure)
Confirm with . or Enter, or press ? or * to list all spells.
Okay, then.
Casting: Spider Form (quite dangerous; 17% risk of failure)
Confirm with . or Enter, or press ? or * to list all spells.
Okay, then.
Okay, then.
Okay, then.
As you read the scroll labelled LAOFEE BA UGED, it crumbles to dust.
It is a scroll of identify.
e - 2 scrolls of poison The gnoll hits you from afar with a +0 spear.
* * * LOW HITPOINT WARNING * * *
The gnoll barely misses you.
An adder comes into view.
The gnoll attacks as you move away! The gnoll misses you.
Sorry, you're not good enough to have a special ability.
Casting: Spider Form (quite dangerous; 17% risk of failure)
Confirm with . or Enter, or press ? or * to list all spells.
Aiming: Slow (safe; 6% risk of failure)
Press: ? - help, Shift-Dir - straight line, f - gnoll
Aim: a gnoll, wielding a +0 flail (moderately wounded, chance to affect: 53%)
The gnoll seems to slow down.
The adder hisses angrily.
* * * LOW HITPOINT WARNING * * *
A giant cockroach comes into view.
The gnoll hits you with a +0 flail!
You die...

#.# #.# ## #.#
##. #.# ##B####.#
##....##.#
#...#S##.#####
#.###gg##.#...#
#. ##.@....#.# ..
#....#...# ##
#.#####.##
..######.##
#..........#####
...#######......#
##.# ##.###.# ..
#.# #.# #.# #.#


You could see 2 gnolls, an adder and a giant cockroach.

Vanquished Creatures
  Sigmund (D:2)
  Crazy Yiuf (D:2)
  Natasha (D:3)
  A gnoll (D:3)
  6 adders
  3 worms (D:2)
  2 dart slugs
  8 ball pythons
  3 endoplasms
  2 giant cockroaches
  2 goblins
  3 hobgoblins
  6 kobolds
  A quokka (D:1)
  3 bats
  4 frilled lizards
  3 rats
50 creatures vanquished.

Notes
Turn   | Place    | Note
-------+----------+-------------------------------------------
     0 | D:1      | fen0s the Djinni Transmuter began the quest for the Orb.
     0 | D:1      | fen0s set off with the following spells memorised: Beastly
                  | Appendage, Wereblood, Spider Form, Ice Form.
     0 | D:1      | Reached XP level 1. HP: 17/17 MP: 0/0
   143 | D:1      | Reached XP level 2. HP: 15/22 MP: 0/0
   651 | D:1      | Reached XP level 3. HP: 25/27 MP: 0/0
   651 | D:1      | Learned a level 1 spell: Slow
   957 | D:2      | Reached skill level 4 in Unarmed Combat
  1045 | D:2      | Identified the +1 robe of Xomich {rElec Str-4 Int+5 Stlth+}
  1109 | D:2      | Reached XP level 4. HP: 20/32 MP: 0/0
  1160 | D:2      | Noticed Sigmund
  1172 | D:2      | Killed Sigmund
  1173 | D:2      | Reached skill level 1 in Stealth
  1173 | D:2      | Reached skill level 5 in Unarmed Combat
  1173 | D:2      | Reached XP level 5. HP: 31/37 MP: 0/0
  1173 | D:2      | Learned a level 2 spell: Searing Ray
  1173 | D:2      | Reached XP level 6. HP: 35/42 MP: 0/0
  1227 | D:2      | Found Qiredd's Jewellery Shoppe.
  1565 | D:2      | Found a runed translucent door.
  1566 | D:2      | Noticed Crazy Yiuf
  1831 | D:2      | Killed Crazy Yiuf
  2245 | D:3      | Noticed Natasha
  2260 | D:3      | Killed Natasha
  2319 | D:3      | Slain by a gnoll

Illustrated notes

Levels and vault maps discovered:
D:1:      heliophobic_arrival_ceremonial_halls, layout_loops_ring,
          hangedman_feature_mirror
D:2:      layout_basic, serial_shops, shop, uniq_crazy_yiuf_cottage,
          uniq_sigmund
D:3:      layout_loops_ring, ebering_ecumenical_altar_ruins, uniq_natasha

Skill      XL: |  1  2  3  4  5  6 |
---------------+-------------------+-----
Unarmed Combat | 4 5 |  5.6
Dodging        | 3 |  3.7
Stealth        | 1 |  1.7
Spellcasting   | 2 |  2.0
Fighting       | |  1.6

Action                     |  1- 3 |  4- 6 || total
---------------------------+-------+-------++-------
  Melee: Unarmed           |   138 |   110 ||   248
         Punch             |     5 |     6 ||    11
         Headbutt          |     3 |     2 ||     5
   Cast: Beastly Appendage |     2 |     1 ||     3
         Spider Form       |     1 |     2 ||     3
         Slow              |       |     1 ||     1
    Use: Scroll            |       |     1 ||     1
   Stab: Sleeping          |     4 |     5 ||     9
 Armour: Robe              |    20 |    15 ||    35
  Dodge: Dodged            |    73 |    73 ||   146
